 Dungeon Crawl Stone Soup version 0.25-a0-306-g3faca94807 (webtiles) character file.

Game seed: 18176861531234667359, levelgen mode: deterministic

1918 Holzbalken the Basher (level 9, 0/53 HPs)
             Began as a Gargoyle Fighter on Dec 19, 2019.
             Slain by an orc warrior
             ... wielding a +0 short sword
              (10 damage)
             ... on level 7 of the Dungeon on Dec 21, 2019.
             The game lasted 00:23:45 (5662 turns).

Holzbalken the Basher (Gargoyle Fighter)            Turns: 5662, Time: 00:23:46

Health: 0/53       AC: 24    Str: 24    XL:     9   Next: 16%
Magic:  9/9        EV:  6    Int:  8    God:
Gold:   369        SH: 10    Dex: 14    Spells: 8/8 levels left

rFire    . . .     SeeInvis .   (no weapon)
rCold    . . .     Gourm    +   c - +0 shield
rNeg     + . .     Faith    .   u - +0 chain mail
rPois    ∞         Spirit   .   (no helmet)
rElec    +         Reflect  .   r - +2 cloak
rCorr    .         Harm     .   v - +1 pair of gloves
MR       .....                  y - +2 pair of boots
Stlth    ..........             w - amulet of the gourmand
HPRegen  0.17/turn              h - +2 ring of slaying
MPRegen  0.11/turn              A - +5 ring of dexterity

@: no status effects
A: negative energy resistance 1, electricity resistance, unbreathing,
petrification resistance, rot immunity, AC +6
a: no special abilities


You were on level 7 of the Dungeon.
You were very full.

You visited 2 branches of the dungeon, and saw 8 of its levels.

You collected 369 gold pieces.

Inventory:

Armour
 c - a +0 shield (worn)
 r - a +2 cloak (worn)
   (You took it off Crazy Yiuf on level 2 of the Dungeon)
 u - a +0 chain mail (worn)
   (You took it off an orc on level 3 of the Dungeon)
 v - a +1 pair of gloves (worn)
   (You found it on level 4 of the Dungeon)
 y - a +2 pair of boots (worn)
   (You found it on level 5 of the Dungeon)
Jewellery
 h - a +2 ring of slaying (left hand)
   (You found it on level 6 of the Dungeon)
 o - an uncursed ring of protection from cold
   (You found it on level 3 of the Dungeon)
 w - an amulet of the gourmand (around neck)
   (You found it on level 4 of the Dungeon)
 z - an uncursed ring of flight
   (You found it on level 7 of the Dungeon)
 A - a +5 ring of dexterity (right hand)
   (You found it on level 7 of the Dungeon)
Wands
 x - a wand of clouds (2)
   (You took it off Joseph on level 7 of the Dungeon)
Scrolls
 f - a scroll of teleportation {@r4}
 j - a scroll of fog
 l - 8 scrolls of identify {@r1}
 m - a scroll of enchant weapon
 q - 2 scrolls of remove curse {@r2}
 s - 2 scrolls of amnesia
Potions
 b - a potion of brilliance {unknown}
 d - 3 potions of might
 g - 2 potions of lignification {!q}
 i - a potion of flight
 n - 3 potions of mutation {!q}
 p - 3 potions of curing {@q1}
 t - a potion of invisibility {unknown}
Comestibles
 e - 13 rations {!d}


   Skills:
 + Level 4.8 Fighting
   Level 10.4 Maces & Flails
 + Level 4.8 Armour
 + Level 4.7 Shields


You had 8 spell levels left.
You didn't know any spells.
Your spell library contained the following spells:

 Spells                   Type           Power        Failure   Level  Hunger
 Summon Small Mammal      Summ           #...         100%        1    ##.....
 Call Imp                 Summ           #.......     100%        2    ###....
 Call Canine Familiar     Summ           #.......     100%        3    ####...
 Summon Guardian Golem    Hex/Summ       #.......     100%        3    ####...
 Summon Ice Beast         Ice/Summ       #.......     100%        4    #####..
 Summon Lightning Spire   Summ/Air       #.......     100%        4    #####..


Dungeon Overview and Level Annotations

Branches:
Dungeon (7/15)             Temple (1/1) D:7

Altars:
Ashenzari
Cheibriados
Dithmenos
Elyvilon
Fedhas
Gozag
Makhleb
Nemelex Xobeh
Okawaru
Sif Muna
Trog
Vehumet
Wu Jian
Yredelemnul
The Shining One

Shops:
D:4 *


Innate Abilities, Weirdness & Mutations

You are resistant to torment.
Your stone body is resilient. (AC +6)
You are immune to poison.
You resist negative energy. (rN+)
You are resistant to electric shocks. (rElec)
You can survive without breathing.
You are immune to petrification.
You are immune to rotting.


Message History

The gnoll hits you but does no damage. You block the orc warrior's attack.
You block the hound's attack. You block the centaur's attack.
The kobold hits you but does no damage.
You barely miss the hound. The hound bites you but does no damage.
The centaur barely misses you.
The orc warrior hits you but does no damage.
You block the kobold's attack. You block the hound's attack.
The centaur hits you.
The crimson imp shouts!
The gnoll hits you but does no damage. The kobold barely misses you.
The gnoll hits you but does no damage. You block the hound's attack.
The hound bites you but does no damage. You block the ogre's attack.
The gnoll hits you but does no damage.
The crimson imp blinks!
You block the hound's attack. You block the orc warrior's attack.
You block the hound's attack. The gnoll hits you but does no damage.
The ogre barely misses you. The orc warrior barely misses you.
The hound bites you but does no damage. You block the gnoll's attack.
You block the hound's attack.
The orc warrior hits you but does no damage.
You block the ogre's attack. The hound bites you but does no damage.
The gnoll barely misses you.
The orc warrior hits you but does no damage.
You block the hound's attack. The gnoll hits you but does no damage.
The ogre hits you with a +0 giant spiked club!
* * * LOW HITPOINT WARNING * * *
You block the gnoll's attack.
Drop what? 26/52 slots (_ for help) (? for menu, Esc to quit)
Your +1 morningstar of freezing stops glowing.
You are now empty-handed.
You drop a +1 morningstar of freezing.
You block the hound's attack.
You stop dropping stuff.
You block the orc warrior's attack. The gnoll hits you but does no damage.
The hound barely misses you.
You stop training Maces & Flails.
Drop what? 25/52 slots (_ for help) (? for menu, Esc to quit)
The ogre barely misses you. The gnoll hits you with a +0 club.
Keep disrobing?
* * * LOW HITPOINT WARNING * * *
You block the orc warrior's attack. The hound closely misses you.
You block the gnoll's attack.
You start removing your armour.
You continue taking off your +2 cloak.
The hound bites you but does no damage. You block the orc warrior's attack.
The gnoll barely misses you. The gnoll hits you but does no damage.
The ogre hits you with a +0 giant spiked club!
* * * LOW HITPOINT WARNING * * *
The hound pauses to sniff the ground.
You block the hound's attack.
You continue taking off your +2 cloak.
The crimson imp blinks!
The orc warrior hits you with a +0 short sword!
You die... $. .cggh.

#...#P♣♣♣P . #####
##'('#PPPPP.
###♣♣♣..P♣♣♣♣....♣PPP♣P.
♣♣.♣P♣P..PP♣PP.....P♣P...
P♣P.P.P..P♣P♣P.5...P.P...
P.P......P.P....(........
................Kc§..###
.......##....#.Ogh.###
######.####..##g@o##
##.##.# #..##...##
##...#.####..#.....####
......................+
##.....####.##.#...####
##.#.## #.......## ###.#
####.#### #.# #.# #.# #=#
+#


You could see an orc warrior, an ogre, a centaur, a hound, 2 gnolls, a crimson
imp and a kobold.

Vanquished Creatures
  Joseph (D:7)
  Menkaure (D:5)
  A sky beast (D:7)
  A phantom (D:7)
  An ogre (D:5)
  2 big kobolds (D:7)
  A bullfrog (D:7)
  A scorpion (D:5)
  A water moccasin skeleton (D:4)
  5 wights (D:6)
  A howler monkey (D:4)
  A crimson imp (D:5)
  2 hounds
  An orc priest (D:3)
  3 jellies
  Crazy Yiuf (D:2)
  A bullfrog skeleton (D:7)
  An iguana (D:4)
  An orc wizard (D:4)
  4 worker ants
  A howler monkey zombie (D:4)
  A howler monkey skeleton (D:6)
  9 adders
  3 gnolls (D:2)
  A shadow imp (D:5)
  An ooze (D:3)
  A worm (D:5)
  4 dart slugs
  6 leopard geckos
  12 orcs
  4 giant cockroaches
  11 hobgoblins
  8 jackals
  A quokka (D:2)
  2 ball pythons
  5 bats
  4 frilled lizards
  7 goblins
  13 kobolds
  A leopard gecko skeleton (D:4)
  A leopard gecko zombie (D:7)
  A quokka skeleton (D:4)
  9 rats
137 creatures vanquished.

Notes
Turn   | Place    | Note
-------+----------+-------------------------------------------
     0 | D:1      | Holzbalken the Gargoyle Fighter began the quest for the
                  | Orb.
     0 | D:1      | Reached XP level 1. HP: 14/14 MP: 1/1
   118 | D:1      | Reached XP level 2. HP: 12/19 MP: 2/2
   329 | D:1      | Reached skill level 3 in Maces & Flails
   459 | D:1      | Reached XP level 3. HP: 23/23 MP: 3/3
   922 | D:2      | Found a runed translucent door.
   923 | D:2      | Noticed Crazy Yiuf
  1017 | D:2      | Reached skill level 4 in Maces & Flails
  1023 | D:2      | Reached XP level 4. HP: 25/28 MP: 4/4
  1292 | D:2      | Reached skill level 5 in Maces & Flails
  1293 | D:2      | Reached XP level 5. HP: 27/32 MP: 5/5
  1693 | D:2      | Killed Crazy Yiuf
  2202 | D:3      | Found a snail-covered altar of Cheibriados.
  2235 | D:3      | Reached skill level 6 in Maces & Flails
  2235 | D:3      | Reached XP level 6. HP: 17/37 MP: 6/6
  2754 | D:4      | Reached skill level 7 in Maces & Flails
  2782 | D:4      | Found Huacsyes's Mass Market.
  3120 | D:5      | Entered Level 5 of the Dungeon
  3130 | D:5      | Reached XP level 7. HP: 41/41 MP: 7/7
  3216 | D:5      | Reached skill level 8 in Maces & Flails
  3787 | D:5      | Found a burning altar of Makhleb.
  3849 | D:5      | Found a shadowy altar of Dithmenos.
  3919 | D:6      | Noticed Menkaure
  3926 | D:5      | Killed Menkaure
  4073 | D:6      | Reached skill level 9 in Maces & Flails
  4075 | D:6      | Reached XP level 8. HP: 46/46 MP: 8/8
  4808 | D:7      | Noticed Joseph
  4831 | D:7      | Killed Joseph
  4831 | D:7      | Reached skill level 10 in Maces & Flails
  4831 | D:7      | Reached XP level 9. HP: 26/52 MP: 9/9
  5311 | D:7      | Found a staircase to the Ecumenical Temple.
  5321 | Temple   | Entered the Ecumenical Temple
  5397 | Temple   | Upgraded the game from 0.25-a0-294-gea9b1ad378 to
                  | 0.25-a0-306-g3faca94807
  5662 | D:7      | Slain by an orc warrior

Levels and vault maps discovered:
D:1:      lightli_arrival_statuegarden, layout_loops_ring, minivault_4
D:2:      layout_basic, grunt_ministairs_1, uniq_crazy_yiuf_cottage
D:3:      layout_basic, lemuel_doored_altar
D:4:      layout_rooms, minmay_liquid_box, kennysheep_pointless_box,
          minmay_shop_mass, minmay_diced_spiral
D:5:      layout_rooms, tgw_xom, kennysheep_mini_moat,
          nicolae_dithmenos_through_a_glass_darkly, first_ration
D:6:      layout_rooms, serial_bayou, serial_bayou_crossing,
          serial_bayou_shore_a, serial_bayou_pond_d, serial_bayou_shore_b,
          uniq_menkaure
D:7:      kennysheep_housing_project, layout_loops_corners,
          minmay_temple_entry_butterflies, uniq_joseph
Temple:   nicolae_temple_hex_pool

Skill      XL: |  1  2  3  4  5  6  7  8 |
---------------+-------------------------+-----
Maces & Flails | 3 4 5 6 7 9 10 | 10.4
Armour         | 4 |  4.8
Fighting       | 4 |  4.8
Shields        | 4 |  4.7

Action                   |  1- 3 |  4- 6 |  7- 9 || total
-------------------------+-------+-------+-------++-------
Melee: Flail             |    57 |       |       ||    57
       Mace              |    64 |   245 |   144 ||   453
       Morningstar       |       |       |    82 ||    82
Throw: Boomerang         |    24 |     7 |       ||    31
 Abil: Evoke Flight      |       |       |     1 ||     1
  Use: Scroll            |       |    10 |     3 ||    13
  Eat: Chunk             |       |     8 |    17 ||    25
Armor: Scale mail        |    46 |    99 |       ||   145
       Chain mail        |       |    15 |   165 ||   180
Dodge: Dodged            |    41 |    67 |    59 ||   167
Block: Shield            |    70 |   105 |   124 ||   299

Table legend:
 A = Non-vault XP
 B = Vault XP
 C = Vault XP percentage of total XP
 D = Non-vault monster count
 E = Vault monster count
 F = Vault count percentage of total count
                 A         B        C        D         E       F
            +---------+---------+-------+---------+---------+-------
      Total |    2014 |     727 |  26.5 |     128 |       9 |   6.6
            +---------+---------+-------+---------+---------+-------
        D:1 |      46 |       0 |   0.0 |      23 |       0 |   0.0
        D:2 |     154 |      41 |  21.0 |      33 |       3 |   8.3
        D:3 |      86 |       0 |   0.0 |      16 |       0 |   0.0
        D:4 |     196 |      36 |  15.5 |      10 |       2 |  16.7
        D:5 |     375 |     175 |  31.8 |      16 |       1 |   5.9
        D:6 |     424 |       0 |   0.0 |      11 |       0 |   0.0
        D:7 |     733 |     475 |  39.3 |      19 |       3 |  13.6
            +---------+---------+-------+---------+---------+-------
